 Dungeon Crawl Stone Soup version 0.23.1-44-gbd83930989 (webtiles) character file.

Game seed: 713120751463581758

56 Marnok the Insei (level 3, -6/23 HPs)
             Began as an Octopode Transmuter on Mar 30, 2019.
             Mangled by a worm (10 damage)
             ... on level 2 of the Dungeon.
             The game lasted 00:03:13 (1325 turns).

Marnok the Insei (Octopode Transmuter)              Turns: 1325, Time: 00:03:14

Health: -6/23      AC:  1    Str: 10    XL:     3   Next: 95%
Magic:  6/6        EV: 13    Int: 15    God:
Gold:   69         SH:  0    Dex: 12    Spells: 5/6 levels left

rFire    . . .     SeeInvis .   e - +2 dagger (speed)
rCold    . . .     Gourm    .   (no shield)
rNeg     . . .     Faith    .   (helmet restricted)
rPois    .         Spirit   .   (no amulet)
rElec    .         Reflect  .   (no ring)
rCorr    .         Harm     .   (no ring)
MR       .....                  (no ring)
Stlth    ++........             (no ring)
HPRegen  0.07/turn              (no ring)
MPRegen  0.10/turn              (no ring)
                                (no ring)
                                (no ring)

@: no status effects
A: almost no armour, stealthy swim, amphibious, 8 rings, constrict 8, camouflage
1, gelatinous body 1
a: no special abilities


You were on level 2 of the Dungeon.
You were not hungry.

You visited 1 branch of the dungeon, and saw 2 of its levels.

You collected 69 gold pieces.

Inventory:

Hand Weapons
 e - a +2 dagger of speed (weapon)
Missiles
 a - 27 arrows
Scrolls
 b - a scroll of immolation {unknown}
 f - a scroll of blinking {unknown}
 g - a scroll of teleportation {unknown}
 i - 2 scrolls of identify {unknown}
Potions
 h - a potion of lignification
Comestibles
 c - 2 rations


   Skills:
 + Level 1.1 Fighting
 + Level 2.3 Dodging
 + Level 0.8 Stealth
 + Level 4.1 Unarmed Combat
 + Level 2.1 Spellcasting
 + Level 2.1 Transmutations


You had 5 spell levels left.
You knew the following spells:

 Your Spells              Type           Power        Failure   Level  Hunger
a - Beastly Appendage     Tmut           #.....       9%          1    #......

Your spell library contained the following spells:

 Spells                   Type           Power        Failure   Level  Hunger
 Sticks to Snakes         Tmut           #.......     14%         2    ###....
 Spider Form              Tmut/Pois      #.........   38%         3    ###....
 Ice Form                 Ice/Tmut       #.......     80%         4    #####..
 Blade Hands              Tmut           #.........   94%         5    ######.


Dungeon Overview and Level Annotations

Branches:
Dungeon (2/15)

Altars:


Innate Abilities, Weirdness & Mutations

You cannot wear most types of armour.
You are very stealthy in the water. (Stealth+)
You are amphibious.
You can wear up to eight rings at the same time.
You can use your tentacles to constrict eight enemies at once.
Your skin changes colour to match your surroundings (Stealth+).
Your rubbery body absorbs attacks. (AC +1, EV +1)


Message History

You constrict the worm. The worm bites you.
You hit the worm. You squeeze the worm, but do no damage.
The worm is heavily wounded.
You constrict the worm, but do no damage.
You release your grip on the worm.
The worm closely misses you.
You barely miss the worm. You grab the worm. You squeeze the worm.
The worm is severely wounded.
You constrict the worm, but do no damage.
You hit the worm.
The worm is almost dead.
You constrict the worm. The worm bites you!
* * * LOW HITPOINT WARNING * * *
It was a potion of lignification.
You turn into a tree.
Your roots penetrate the ground.
You lose your grip on the worm.
It was a potion of cancellation.
Your magical effects are unravelling.
You feel magically purged.
You feel less wooden. The worm misses you. The worm bites you!
You die...

#.##.....#
#.##.....#
#.##.....# #.....#
#.....# #.....#
###.### #>######
#.#.w@.#
...###.#.##w###
............r..#
.....##....#.......
...........##..###.#
......#.##.$.....
...............###
......#.......##
.......##.##.#


You could see 2 worms and a quokka.

Vanquished Creatures
  A gnoll (D:1)
  2 adders (D:2)
  A dart slug (D:1)
  2 hobgoblins (D:1)
  4 jackals (D:1)
  8 kobolds
  3 bats
  A frilled lizard (D:1)
  4 goblins
  A rat (D:2)
27 creatures vanquished.

Notes
Turn   | Place    | Note
-------+----------+-------------------------------------------
     0 | D:1      | Marnok the Octopode Transmuter began the quest for the Orb.
     0 | D:1      | Reached XP level 1. HP: 13/13 MP: 3/3
    37 | D:1      | Reached XP level 2. HP: 7/18 MP: 5/5
   434 | D:1      | Reached XP level 3. HP: 23/23 MP: 6/6
   883 | D:2      | Reached skill level 4 in Unarmed Combat
  1325 | D:2      | Mangled by a worm

Skill      XL: |  1  2  3 |
---------------+----------+-----
Unarmed Combat | 4 |  4.1
Fighting       | |  1.1
Dodging        | |  2.3
Stealth        | |  0.8
Spellcasting   | |  2.1
Transmutations | |  2.1

Action                   || total
-------------------------++-------
Melee: Unarmed           ||    27
       Constrict         ||    19
       Tentacles         ||    13
       Dagger            ||    42
  Use: Potion            ||     2
 Stab: Sleeping          ||     4
  Eat: Chunk             ||     1
Armor: Skin              ||     6
Dodge: Dodged            ||    36
